Map: Heavy Artillery LE

Players

Ekelpack - Winner!

  • Race: Zerg Zerg
  • Spawn Location: 3:00

Nyck - Winner!

  • Race: Terran Terran
  • League: Silver
  • Spawn Location: 1:00

Leking

  • Race: Protoss Protoss
  • Spawn Location: 7:00

VonByvel

  • Race: Protoss Protoss
  • Spawn Location: 7:00

VOD

Have the link to the VOD?

Description

Time

  • Played on: Nov. 8, 2024, 2:39 p.m.
  • Length: 14:36
Show
View Real Time Build Order
Export as new Build Order

Ekelpack Zerg - Winner!

Build Orders: Hatch First 

Get SALT Encoding   

  12  0:00  Drone  
  13  0:13  Overlord  
  13  0:19  Drone  
  14  0:43  Hatchery  
  14  0:45  Drone  
  14  0:49  Drone  
  15  1:05  Spawning Pool  
  15  1:08  Drone  
  15  1:13  Drone  
  15  1:15  Extractor  
  15  1:17  Drone  
  16  1:23  Drone  
  17  1:33  Drone  
  18  1:41  Drone  
  19  1:51  Queen  
  19  1:54  Drone  
  22  2:00  Queen  
  24  2:07  Drone x2  
  26  2:10  Drone  
  27  2:17  Drone  
  28  2:23  Overlord  
  28  2:29  Lair  
  28  2:35  Extractor  
  28  2:36  Drone  
  28  2:42  Drone x3  
  31  2:45  Overlord  
  31  2:49  Drone  
  32  2:58  Drone  
  32  3:02  Drone  
  32  3:03  Drone x2  
  36  3:06  Extractor  
  36  3:07  Drone  
  36  3:10  Drone x3  
  39  3:14  Overlord, Extractor  
  38  3:28  Spire  
  38  3:34  Drone x3  
  39  3:37  Drone x3  
  43  3:43  Drone  
  43  3:44  Drone x2  
  46  3:57  Overlord x3  
  46  4:42  Mutalisk x4  
  46  4:43  Mutalisk x7  
  68  4:49  Mutalisk  
  70  4:58  Zerg Flyer Weapons Level 1  
  70  5:02  Queen  
  70  5:06  Hatchery  
  71  5:15  Metabolic Boost  
  71  5:17  Overlord  
  71  5:19  Drone x2  
  73  5:28  Overlord  
  73  5:29  Overlord  
  73  5:55  Drone x2  
  73  5:56  Drone x4  
  79  6:04  Extractor  
  78  6:05  Extractor  
  78  6:08  Drone x2  
  79  6:15  Drone  
  80  6:20  Drone  
  81  6:26  Drone x2  
  81  6:31  Infestation Pit  
  82  6:42  Evolution Chamber  
  82  6:44  Evolution Chamber  
  82  6:45  Drone  
  82  6:46  Drone x4  
  85  6:58  Overlord  
  85  6:59  Zergling x8  
  89  7:07  Zergling x6  
  92  7:10  Hive  
  92  7:11  Zerg Melee Weapons Level 1, Zerg Ground Armor Level 1  
  92  7:13  Overlord x2  
  92  7:20  Zergling x2  
  93  7:26  Zerg Flyer Weapons Level 2  
  93  7:27  Overlord x2  
  93  7:31  Zergling x8  
  97  7:43  Zergling x2  
  97  7:44  Zergling x8  
  100  7:50  Hatchery  
  101  8:03  Zergling x10  
  101  8:04  Zergling x8  
  110  8:21  Adrenal Glands  
  110  8:25  Ultralisk Cavern  
  107  8:27  Overlord x4  
  112  9:17  Ultralisk x5  
  112  9:18  Ultralisk x5  
  112  9:23  Drone x6  
  170  9:24  Extractor  
  170  9:26  Extractor  
  168  9:34  Chitinous Plating  
  154  9:50  Ultralisk x2  
  153  10:03  Zerg Melee Weapons Level 2  
  153  10:04  Zerg Ground Armor Level 2  
  153  10:14  Drone x3, Overlord  
  156  10:15  Overlord x2  
  142  10:45  Zergling x12  
  148  10:53  Anabolic Synthesis  
  134  11:08  Ultralisk x5  
  164  11:15  Ultralisk x2  
  176  11:24  Ultralisk  
  182  11:59  Ultralisk x3  
  200  12:15  Hatchery  
  199  12:25  Zergling x2  
  197  12:41  Zergling x4  
  199  12:45  Hatchery  
  192  12:54  Zergling x2  
  192  12:55  Zergling x12  
  192  12:56  Zergling x12  
  194  13:25  Zergling x10  
  198  13:45  Ultralisk  
  196  13:51  Ultralisk  
  196  13:52  Ultralisk  
  196  13:53  Ultralisk  
  191  14:01  Zergling x4  
  175  14:12  Zergling x4  
  175  14:13  Zergling x8  
  175  14:15  Zergling x2  
  197  14:21  Drone  
Show
View Real Time Build Order
Export as new Build Order

Nyck Terran - Winner!

Build Orders: Reaper Expand 

Get SALT Encoding   

  12  0:00  SCV  
  13  0:12  SCV  
  14  0:20  Supply Depot  
  14  0:24  SCV  
  15  0:41  SCV  
  16  0:43  Barracks  
  16  0:54  SCV  
  17  1:00  Refinery  
  17  1:28  SCV, Command Center  
  18  1:42  Supply Depot  
  18  1:46  Orbital Command  
  18  1:50  Reaper  
  19  1:55  Refinery  
  19  1:59  Supply Depot  
  19  2:12  SCV  
  20  2:27  SCV  
  21  2:34  Factory  
  22  2:44  SCV  
  22  2:56  SCV  
  24  3:06  Orbital Command  
  23  3:33  SCV  
  24  3:34  SCV  
  24  3:40  Starport  
  25  3:43  Starport  
  25  3:45  SCV  
  25  3:46  Supply Depot, SCV  
  27  3:57  SCV  
  27  3:59  SCV  
  29  4:09  SCV  
  30  4:11  SCV  
  31  4:19  Starport Reactor  
  31  4:20  Starport Tech Lab  
  31  4:21  SCV  
  31  4:23  SCV, Starport Tech Lab  
  33  4:26  Fusion Core  
  33  4:31  Refinery  
  33  4:34  SCV  
  33  4:35  SCV  
  35  4:39  Refinery  
  35  4:46  SCV  
  35  4:47  SCV  
  37  4:58  SCV  
  37  4:59  SCV  
  39  5:10  SCV  
  39  5:11  SCV  
  41  5:15  Weapon Refit  
  41  5:17  Starport  
  41  5:18  Factory Tech Lab  
  41  5:22  SCV  
  41  5:23  SCV  
  43  5:34  SCV  
  44  5:35  SCV  
  45  5:44  Battlecruiser  
  45  5:46  SCV  
  45  5:47  SCV  
  53  5:58  SCV  
  53  6:00  SCV  
  55  6:10  SCV  
  56  6:12  SCV  
  56  6:13  Command Center  
  56  6:18  Starport Tech Lab  
  57  6:22  SCV  
  58  6:27  Supply Depot  
  58  6:29  SCV  
  59  6:48  Armory  
  59  6:49  Supply Depot, Battlecruiser  
  59  6:50  SCV x2  
  67  7:11  Battlecruiser  
  67  7:12  Supply Depot  
  73  7:27  SCV x2  
  75  7:30  Engineering Bay  
  75  7:34  Supply Depot  
  75  7:36  Orbital Command  
  75  7:38  Battlecruiser  
  75  7:39  SCV  
  75  7:42  SCV  
  83  7:54  SCV  
  83  7:55  SCV  
  83  7:56  Battlecruiser  
  91  7:59  Supply Depot, Command Center  
  91  8:02  Starport  
  91  8:04  Terran Vehicle And Ship Armor Level 1  
  91  8:17  SCV x2  
  93  8:29  Battlecruiser  
  99  8:37  Orbital Command  
  99  8:40  Command Center  
  99  8:57  Battlecruiser  
  99  9:01  Starport Tech Lab  
  99  9:02  Refinery  
  102  9:16  Command Center  
  100  9:32  SCV x2  
  102  9:49  Battlecruiser  
  108  10:03  SCV x2  
  108  10:06  Orbital Command  
  110  10:09  Refinery  
  110  10:11  Orbital Command  
  110  10:14  Refinery  
  116  10:21  Battlecruiser x2  
  122  10:31  Refinery  
  122  10:33  SCV  
  122  10:34  SCV  
  122  10:35  SCV  
  126  10:37  Orbital Command  
  125  10:43  Terran Ship Weapons Level 1  
  125  10:49  SCV  
  126  10:55  SCV  
  126  10:56  SCV x2, Refinery  
  129  10:57  Battlecruiser  
  129  11:01  SCV  
  129  11:03  SCV  
  137  11:08  SCV x3  
  140  11:13  SCV  
  140  11:15  SCV  
  142  11:20  SCV x3  
  142  11:25  SCV  
  146  11:27  Refinery  
  146  11:28  SCV  
  147  11:34  Supply Depot  
  147  11:42  Refinery  
  147  11:56  SCV x2, Battlecruiser  
  147  11:57  Supply Depot  
  155  12:06  SCV  
  155  12:07  SCV  
  155  12:08  SCV x3, Battlecruiser x2  
  170  12:19  SCV  
  170  12:20  SCV x3  
  168  12:31  SCV  
  168  12:32  SCV x2  
  170  12:57  SCV x3  
  172  13:22  Supply Depot  
  172  13:24  SCV x2, Battlecruiser  
  180  13:29  SCV x2, Battlecruiser  
  180  13:30  Battlecruiser  
  194  13:36  SCV x2  
  196  13:43  SCV x2  
  196  13:47  Supply Depot  
  198  13:57  Command Center  
  198  14:12  Supply Depot  
Show
View Real Time Build Order
Export as new Build Order

Leking Protoss 

Build Orders: 1 Gate Expand, Double Forge, Zealot Archon 

Get SALT Encoding   

  12  0:02  Probe  
  13  0:14  Probe  
  13  0:18  Pylon  
  14  0:35  Probe  
  15  0:40  Gateway  
  15  0:43  Assimilator  
  15  0:47  Probe  
  16  1:25  Nexus  
  15  1:31  Cybernetics Core  
  15  1:34  Probe  
  16  1:46  Probe (Chrono Boost)  
  17  1:48  Pylon  
  17  1:54  Assimilator  
  17  1:58  Probe (Chrono Boost)  
  18  2:06  Probe (Chrono Boost)  
  19  2:09  Gateway  
  19  2:16  Probe  
  19  2:17  Warp Gate  
  20  2:33  Probe (Chrono Boost)  
  20  2:34  Assimilator  
  20  2:36  Pylon  
  21  2:40  Stalker  
  24  2:44  Probe (Chrono Boost)  
  25  2:52  Probe (Chrono Boost)  
  25  2:54  Probe (Chrono Boost)  
  26  3:02  Probe (Chrono Boost)  
  27  3:07  Stalker  
  29  3:20  Probe  
  29  3:23  Assimilator  
  30  3:32  Probe  
  31  3:37  Twilight Council  
  31  3:39  Gateway  
  31  3:45  Probe (Chrono Boost)  
  31  3:47  Probe (Chrono Boost)  
  33  3:54  Probe (Chrono Boost)  
  35  3:57  Probe (Chrono Boost)  
  35  3:58  Pylon  
  35  3:59  Probe (Chrono Boost)  
  38  4:11  Probe (Chrono Boost)  
  38  4:12  Probe (Chrono Boost)  
  38  4:19  Stalker  
  38  4:20  Stalker  
  42  4:26  Templar Archives  
  42  4:36  Pylon  
  42  4:42  Forge  
  42  4:47  Forge  
  42  4:49  Probe (Chrono Boost)  
  43  4:55  Blink (Chrono Boost)  
  43  4:57  Probe (Chrono Boost)  
  44  5:03  Shield Battery  
  44  5:09  Stalker  
  44  5:13  High Templar  
  48  5:14  High Templar  
  48  5:17  Probe x2  
  52  5:29  Probe, Psionic Storm  
  53  5:38  Stalker  
  55  5:54  Stalker x2  
  59  6:06  Stalker  
  59  6:09  Gateway x2  
  61  6:15  Photon Cannon  
  61  6:17  Photon Cannon  
  61  6:28  Stalker x2  
  65  6:38  Gateway  
  65  6:40  Gateway  
  65  6:45  Photon Cannon  
  65  6:46  Pylon  
  65  6:47  Protoss Ground Weapons Level 1 (Chrono Boost)  
  65  6:51  Protoss Shields Level 1 (Chrono Boost)  
  65  6:53  Pylon  
  65  7:04  Pylon  
  65  7:08  Stalker  
  67  7:12  High Templar  
  67  7:13  High Templar x2  
  73  7:23  Pylon  
  73  7:27  Pylon  
  73  7:37  Pylon  
  73  7:39  Photon Cannon  
  73  7:42  Shield Battery  
  73  7:44  High Templar  
  73  7:46  High Templar x3  
  73  7:47  High Templar  
  73  7:50  Archon  
  73  7:51  Archon  
  83  7:53  Stalker  
  85  8:26  Stalker  
  87  8:27  Stalker  
  87  8:28  Sentry  
  87  8:31  Nexus  
  91  8:35  Pylon  
  91  8:39  Pylon  
  91  8:42  Assimilator, Protoss Ground Weapons Level 2  
  91  8:45  Assimilator  
  91  8:49  Gateway  
  91  8:53  Probe (Chrono Boost)  
  92  9:00  Probe (Chrono Boost)  
  93  9:05  Probe (Chrono Boost)  
  95  9:10  Probe (Chrono Boost)  
  95  9:12  Stalker x2  
  81  9:58  Stalker x3  
  81  9:59  Stalker x3  
  83  10:01  Probe (Chrono Boost)  
  85  10:10  Probe (Chrono Boost)  
  85  10:11  Probe (Chrono Boost)  
  85  10:12  Probe (Chrono Boost)  
  87  10:16  Probe x2 (Chrono Boost)  
  87  10:20  Probe  
  90  10:22  Stalker x2  
  90  10:23  Stalker x3  
  90  10:27  Probe  
  101  10:39  Probe  
  101  10:40  Shield Battery  
  102  10:43  Shield Battery  
  102  10:45  Photon Cannon  
  102  10:51  Probe  
  103  11:05  Stalker  
  103  11:06  Stalker x4  
  103  11:09  Probe x3  
  116  11:16  Protoss Ground Weapons Level 3  
  116  11:21  Probe  
  116  11:23  Shield Battery  
  117  11:26  Photon Cannon  
  117  11:32  Pylon  
  117  11:39  Photon Cannon  
  117  11:46  Protoss Shields Level 2  
  117  11:58  Probe x2  
  117  11:59  Probe  
  120  12:10  Probe x2  
  120  12:14  Stalker x4  
  130  12:15  Stalker  
  130  12:16  Stalker  
  108  12:41  Stalker  
  108  12:42  Stalker x5  
  114  12:47  Probe  
  113  12:56  Gateway  
  113  12:58  Gateway  
  109  12:59  Gateway  
  107  13:09  Stalker  
  107  13:10  Stalker x3  
  107  13:11  Stalker x2  
  119  13:38  Stalker x4  
  119  13:39  Stalker x2  
  44  14:05  Stalker x2  
  44  14:06  Stalker x4  
Show
View Real Time Build Order
Export as new Build Order

VonByvel Protoss 

Build Orders: Double Forge 

Get SALT Encoding   

  12  0:00  Probe  
  13  0:14  Probe  
  13  0:17  Pylon  
  14  0:26  Probe  
  15  0:38  Probe  
  15  0:41  Gateway  
  16  0:50  Probe (Chrono Boost)  
  16  0:53  Assimilator  
  17  1:02  Probe (Chrono Boost)  
  18  1:06  Probe (Chrono Boost)  
  19  1:17  Probe  
  20  1:20  Pylon  
  20  1:29  Cybernetics Core, Probe  
  21  1:41  Probe  
  22  1:53  Probe  
  25  2:03  Gateway  
  25  2:05  Stalker, Probe  
  26  2:09  Warp Gate (Chrono Boost)  
  26  2:17  Probe  
  26  2:20  Assimilator  
  27  2:29  Probe  
  28  2:42  Pylon  
  28  2:44  Stalker  
  28  2:45  Nexus  
  28  2:47  Pylon  
  28  2:48  Probe  
  31  3:00  Probe  
  31  3:18  Stalker x2  
  35  3:28  Probe  
  36  3:40  Probe  
  37  3:52  Probe (Chrono Boost)  
  37  3:53  Pylon  
  37  3:55  Gateway  
  38  3:57  Gateway  
  38  3:58  Twilight Council  
  39  4:04  Probe (Chrono Boost)  
  39  4:06  Probe (Chrono Boost)  
  40  4:12  Probe (Chrono Boost)  
  40  4:14  Probe (Chrono Boost)  
  42  4:18  Stalker x2, Probe  
  47  4:25  Probe  
  47  4:30  Forge  
  48  4:33  Forge  
  48  4:34  Probe  
  48  4:37  Probe  
  50  4:40  Assimilator  
  50  4:44  Assimilator  
  50  4:54  Probe x2  
  52  5:11  Probe  
  52  5:13  Protoss Ground Weapons Level 1 (Chrono Boost)  
  53  5:14  Protoss Ground Armor Level 1 (Chrono Boost)  
  53  5:16  Stalker x2  
  53  5:18  Probe  
  58  5:28  Blink  
  48  6:01  Stalker x3  
  53  6:12  Photon Cannon  
  53  6:13  Pylon  
  53  6:16  Photon Cannon x2  
  53  6:24  Shield Battery  
  53  6:27  Pylon  
  53  6:28  Probe  
  53  6:29  Probe  
  53  6:30  Photon Cannon  
  53  6:31  Stalker  
  57  6:32  Stalker  
  59  6:41  Probe  
  60  6:47  Stalker x2  
  64  6:57  Probe  
  64  6:58  Probe, Photon Cannon  
  66  7:05  Protoss Ground Weapons Level 2 (Chrono Boost)  
  66  7:10  Photon Cannon  
  66  7:12  Probe x2  
  68  7:18  Protoss Ground Armor Level 2 (Chrono Boost)  
  68  7:29  Charge, Pylon  
  68  7:34  Shield Battery  
  68  7:35  Stalker  
  70  7:45  Probe  
  70  7:46  Probe  
  70  7:47  Stalker x2  
  76  7:55  Pylon  
  76  7:57  Probe  
  77  8:09  Photon Cannon  
  77  8:11  Pylon  
  77  8:13  Photon Cannon  
  77  8:30  Stalker x4  
  85  8:45  Nexus  
  85  8:52  Pylon  
  85  8:54  Stalker  
  87  8:57  Pylon  
  87  8:59  Pylon  
  87  9:01  Templar Archives  
  67  9:29  Protoss Ground Weapons Level 3 (Chrono Boost)  
  67  9:32  Stalker  
  67  9:33  Stalker x3  
  67  9:37  Psionic Storm  
  73  10:00  Stalker x4  
  73  10:01  Probe x2  
  83  10:13  Probe x2  
  85  10:14  Protoss Ground Armor Level 3 (Chrono Boost)  
  85  10:23  Probe  
  85  10:25  Probe x2  
  88  10:35  Probe  
  89  10:36  Photon Cannon x2  
  89  10:37  Probe  
  89  10:38  Probe  
  89  10:39  Photon Cannon  
  83  10:46  Zealot x4  
  82  11:06  Stalker x2  
  82  11:07  Stalker x2  
  90  11:14  Probe  
  90  11:16  Assimilator  
  91  11:18  Robotics Facility  
  91  11:21  Assimilator  
  91  11:33  Zealot x4  
  97  12:00  Stalker x3  
  103  12:13  Pylon  
  103  12:17  Immortal (Chrono Boost)  
  105  12:49  Immortal  
  93  13:01  Stalker x2  
  93  13:02  Stalker x2  
  97  13:25  Stalker x2  
  97  13:26  Stalker x2  
  97  13:55  Stalker  
  97  13:56  Stalker  
  76  14:04  Stalker  
Tags
 
Add a new tag
Caveats
  • Supply blocks, unpowered buildings, or Contaminate may cause inaccurate times.
  • Supply counts are checked every 10 seconds.